 Dungeon Crawl Stone Soup version 0.31.0-9-g3a7656b989 (webtiles) character file.

Game seed: 3165464291466241248

9 Colgate the Poker (level 2, 12/24 HPs)
             Began as a Demonspawn Cinder Acolyte on Feb 2, 2024.
             Was a High Priest of Ignis.
             Quit the game on level 1 of the Dungeon.
             The game lasted 00:00:21 (97 turns).

Colgate the Poker (Demonspawn Cinder Acolyte)         Turns: 97, Time: 00:00:21

Health: 12/24      AC:  9    Str: 14    XL:     2   Next: 6%
Magic:  3/3        EV: 11    Int: 14    God:    Ignis [*****.]
Gold:   13         SH:  0    Dex:  8    Spells: 3/3 levels left

rFire   + . .        a - -1 spear (flame)
rCold   . . .        (no shield)
rNeg    . . .        b - +0 robe
rPois   .            (no helmet)
rElec   .            (no cloak)
rCorr   .            (no gloves)
SInv    .            (no boots)
Will    .....        (no amulet)
Stlth   +            (no ring)
HPRegen 0.24/turn    (no ring)
MPRegen 0.08/turn

%: no passive effects
@: fiery-armoured
A: demonic magic 1
a: Renounce Religion, Fiery Armour, Foxfire Swarm, Rising Flame


You were on level 1 of the Dungeon.
You worshipped Ignis.
Ignis was extremely pleased with you.
You visited 1 branch of the dungeon, and saw 1 of its levels.

You collected 13 gold pieces.

Inventory:

Hand Weapons
 a - a -1 spear of flaming (weapon)
Armour
 b - a +0 robe (worn)
Potions
 c - 2 potions of cancellation {unknown}


   Skills:
 - Level 3.0 Fighting
 + Level 3.3 Polearms
 - Level 1.0 Spellcasting
 - Level 2.6 Fire Magic


You had 3 spell levels left.
You didn't know any spells.
Your spell library contained the following spells:

 Spells                   Type           Power      Damage    Failure   Level
 Scorch                   Fire           16%        2d5       13%         2


Dungeon Overview and Level Annotations

Branches:
Dungeon (1/15)

Altars:


Innate Abilities, Weirdness & Mutations

Spells you cast may paralyse adjacent enemies.


Message History

There are monsters nearby!
You are too injured to fight recklessly!
There are monsters nearby!
You are too injured to fight recklessly!
There are monsters nearby!
You are too injured to fight recklessly!
There are monsters nearby!
You are too injured to fight recklessly!
There are monsters nearby!
You are too injured to fight recklessly!
There are monsters nearby!
You are too injured to fight recklessly!
There are monsters nearby!
You are too injured to fight recklessly!
There are monsters nearby!
You are too injured to fight recklessly!
There are monsters nearby!
You are too injured to fight recklessly!
There are monsters nearby!
A protective cloak of flame settles atop you.
The hobgoblin barely misses you. The goblin hits you but does no damage.
The goblin is burned by your cloak of flames.
You kill the goblin!
The hobgoblin closely misses you. The rat completely misses you.
The ball python bites you but does no damage.
The ball python is burned by your cloak of flames.
The ball python closely misses you.
You hit the ball python. You burn the ball python.
You kill the ball python!
The rat twitches its whiskers.
The rat bites you but does no damage.
The rat is burned by your cloak of flames.
You kill the rat!
The hobgoblin closely misses you. The rat closely misses you.
The hobgoblin hits you but does no damage.
The hobgoblin is burned by your cloak of flames.
You have reached level 2!
Your demonic ancestry asserts itself...
A menacing aura infuses your magic.
Are you sure you want to abandon this character and quit the game? (Confirm with "yes".)

...............
....[.$........
...............
...............
...............
...............
#.....)g......
#...r@g#
...#####.# #.#
#.## #..# #..#
#..# #..# #.†##


You could see 2 hobgoblins and a rat.

Vanquished Creatures
  A bat (D:1)
  An endoplasm (D:1)
  A goblin (D:1)
  2 quokkas (D:1)
  2 ball pythons (D:1)
  A rat (D:1)
8 creatures vanquished.

Notes
Turn   | Place    | Note
-------+----------+-------------------------------------------
     0 | D:1      | Colgate the Demonspawn Cinder Acolyte began the quest for
                  | the Orb.
     0 | D:1      | Reached XP level 1. HP: 18/18 MP: 2/2
    97 | D:1      | Gained mutation: Spells you cast may paralyse adjacent
                  | enemies. [demonic ancestry]
    97 | D:1      | Reached XP level 2. HP: 12/24 MP: 3/3
    97 | D:1      | Quit the game

Illustrated notes

Levels and vault maps discovered:
D:1:      minmay_arrival_solitary_statue, layout_rooms, st_stairs_5,
          minmay_indecisive_spiral

Skill      XL: |  1 |
---------------+----+-----
Polearms       | 3 |  3.3
Fighting       | |  3.0
Spellcasting   | |  1.0
Fire Magic     | |  2.6

Action                     || total
---------------------------++-------
  Melee: Spear             ||    28
 Invoke: Fiery Armour      ||     1
 Armour: Robe              ||    14
  Dodge: Dodged            ||    33
